 Dungeon Crawl Stone Soup version 0.17-a0-1150-g17b0b87 (webtiles) character file.

3573 Lokkij the Carver (level 9, -2/97 HPs)
             Began as a Demonspawn Abyssal Knight on May 27, 2015.
             Was an Elder of Lugonu.
             Slain by Grum
             ... wielding a -1 spear
              (6 damage)
             ... on level 8 of the Dungeon.
             The game lasted 00:23:51 (9368 turns).

Lokkij the Carver (Demonspawn Abyssal Knight)       Turns: 9368, Time: 00:23:52

Health: -2/97      AC: 24    Str: 14    XL:     9   Next: 84%
Magic:  16/16      EV:  2    Int: 14    God:    Lugonu [****..]
Gold:   403        SH:  0    Dex: 16    Spells: 0 memorised, 8 levels left

rFire  . . .     SeeInvis +     a - +2 falchion
rCold  . . .     Clarity  .     (armour currently unavailable)
rNeg   + + +     SustAt   .     (no shield)
rPois  +         Gourm    .     (helmet currently unavailable)
rElec  .         Spirit   .     (cloak currently unavailable)
rCorr  .         Warding  .     (gloves currently unavailable)
rMut   .         NoTele   +     (boots currently unavailable)
MR     .....                    (no amulet)
Stlth  +.........               (no ring)
                                u - +2 ring of dexterity

@: tree-form, not resistant to hostile enchantments, very unstealthy
A: (iridescent scales 0), see invisible, (cold resistance 0), powered by pain 1,
freezing cloud immunity
a: Depart the Abyss, Bend Space, Banish, Corrupt, Renounce Religion


You were on level 8 of the Dungeon.
You worshipped Lugonu.
Lugonu was greatly pleased with you.
You were not hungry.
You were a tree.
You visited 2 branches of the dungeon, and saw 9 of its levels.
You visited the Abyss 1 time.

You collected 403 gold pieces.

Inventory:

Hand weapons
 a - a +2 falchion (weapon)
Armour
 i - a +2 cloak (melded)
 w - the cursed +0 pair of gloves of Lotureo (melded) {rC+}
   (You found it on level 4 of the Dungeon)

   It protects you from cold.
   It has a curse placed upon it.
 x - a +2 robe of fire resistance (melded)
Jewellery
 u - a +2 ring of dexterity (left branch)
Magical devices
 f - a wand of confusion (10)
 q - a wand of paralysis (9)
 B - a wand of enslavement (13)
Scrolls
 b - a scroll of amnesia {unknown}
 g - 2 scrolls of identify
 h - a scroll of recharging {unknown}
 k - 3 scrolls of teleportation
 l - a scroll of enchant armour {unknown}
 m - 2 scrolls of fog {unknown}
 p - a scroll of immolation {unknown}
 r - 4 scrolls of magic mapping
 v - 3 scrolls of remove curse {unknown}
 y - a scroll of noise {unknown}
Potions
 d - 2 potions of might
 e - 2 potions of curing
 s - 2 potions of cancellation
 z - a potion of brilliance
 C - a potion of heal wounds {unknown}
 D - a potion of lignification
 E - a potion of haste {unknown}
Books
 j - a book of Transfigurations

   Spells                             Type                      Level
   a - Stoneskin                      Transmutation/Earth          2
   b - Irradiate                      Conjuration/Transmutation    5
   c - Statue Form                    Transmutation/Earth          6
   d - Hydra Form                     Transmutation                6
   e - Dragon Form                    Transmutation                7
 n - a book of Ice

   Spells                             Type                      Level
   a - Ice Form                       Ice/Transmutation            4
   b - Metabolic Englaciation         Hexes/Ice                    5
   c - Ozocubu's Refrigeration        Ice                          6
   d - Bolt of Cold                   Conjuration/Ice              6
   e - Freezing Cloud                 Conjuration/Ice/Air          6
   f - Simulacrum                     Ice/Necromancy               6
Comestibles
 c - 7 bread rations
 o - a meat ration
 t - 2 beef jerkies
 A - a royal jelly


   Skills:
 + Level 4.3 Fighting
 + Level 10.7 Long Blades
 - Level 1.7 Armour
 - Level 0.8 Dodging
 - Level 10.0 Invocations


You had 8 spell levels left.
You didn't know any spells.

Dungeon Overview and Level Annotations

Branches:
Dungeon (8/15)             Temple (1/1) D:5            Lair (0/8) D:8

Altars:
Ashenzari
Dithmenos
Elyvilon
Fedhas
Gozag
Kikubaaqudgha
Makhleb
Nemelex Xobeh
Qazlal
Ru
Sif Muna
Trog
Xom
Yredelemnul
The Shining One

Annotations:
D:6 exclusion: door
D:8 Grum
Abyss:1 Edmund, Grinder


Innate Abilities, Weirdness & Mutations

((You are partially covered in iridescent scales (AC +4).))
((Your flesh is cold resistant.))
You sometimes gain a little power by taking damage.
You are immune to freezing clouds.
You have supernaturally acute eyesight.


Message History

* * * LOW HITPOINT WARNING * * *
The wolf misses you. Grum closely misses you. The wolf barely misses you.
The wolf barely misses you.
You hit the wolf but do no damage.
The wolf is severely wounded.
The wolf bites you!
* * * LOW HITPOINT WARNING * * *
Grum hits you from afar with a spear.
* * * LOW HITPOINT WARNING * * *
You hit the wolf.
The wolf is almost dead.
The wolf bites you but does no damage.
Drink which item? (? for menu, Esc to quit)
You turn into a tree.
Your +2 cloak melds into your body.
The cursed +0 pair of gloves of Lotureo {rC+} melds into your body.
Your +2 robe of fire resistance melds into your body.
You feel less resistant to fire.
Your roots penetrate the ground.
The wolf bites you but does no damage. Grum hits you from afar with a spear.
You die...

#....# ######.......#####.####
#....###......###.............
#....<......(......#####..####
#<...###.#....###..##......#
##...# #....#.#(#.###......#
#...#####....###..........###
######.##....##.....#...........
#..........###########........##
#..............♣hg††....#.###.#
#......<...#########...#..# #.#
######..#.....######.###.## #.#
###.#.###..................
#.....#[#.###....##..####..
#.....###.# #.#### ## ##.
#.>.......# #. #......#### #.
#....### ..


You could see Grum and a wolf.

Vanquished Creatures
  A kobold demonologist (D:7)
  A hippogriff (D:8)
  3 wolves (D:8)
  Duvessa (D:4)
  4 sky beasts
  A water moccasin (D:8)
  A wasp (D:7)
  An orc warrior (D:6)
  An ogre (D:7)
  A phantom (D:6)
  2 centaurs
  A gnoll sergeant (D:7)
  3 big kobolds (D:7)
  Dowan (D:4)
  A giant frog (D:7)
  A scorpion (D:6)
  2 crimson imps (D:7)
  A centaur zombie (D:5)
  7 hounds
  A jelly (D:7)
  3 orc wizards
  6 worker ants
  2 hound skeletons
  5 adders
  8 gnolls (D:7)
  2 shadow imps
  An ooze (D:4)
  An adder skeleton (D:6)
  2 worms
  12 orcs
  2 ball pythons
  14 bats
  A bat skeleton (D:4)
  A bat zombie (D:3)
  5 giant cockroaches
  19 hobgoblins
  7 quokkas
  A giant cockroach zombie (D:5)
  3 giant geckos
  A giant gecko skeleton (D:3)
  2 giant newts
  8 goblins
  5 jackals
  A jackal skeleton (D:8)
  19 kobolds
  A quokka zombie (D:5)
  15 rats
  2 rat zombies (D:3)
184 creatures vanquished.

Vanquished Creatures (others)
  2 steam dragons (D:6)
  A centaur (D:7)
3 creatures vanquished.

Grand Total: 187 creatures vanquished

Notes
Turn   | Place    | Note
--------------------------------------------------------------
     0 | Abyss:1  | Lokkij the Demonspawn Abyssal Knight began the quest for the Orb.
     0 | Abyss:1  | Reached XP level 1. HP: 18/18 MP: 2/2
    13 | D:1      | Escaped the Abyss
   327 | D:1      | Gained mutation: You sometimes gain a little power by taking damage. [demonic ancestry]
   327 | D:1      | Reached XP level 2. HP: 18/24 MP: 4/4
   889 | D:2      | Found a shadowy altar of Dithmenos.
  1010 | D:2      | Acquired Lugonu's second power
  1011 | D:2      | Gained mutation: Your flesh is cold resistant. [demonic ancestry]
  1011 | D:2      | Reached XP level 3. HP: 13/29 MP: 5/5
  2211 | D:3      | Reached XP level 4. HP: 32/35 MP: 6/6
  2257 | D:3      | Found a white marble altar of Elyvilon.
  2344 | D:3      | Acquired Lugonu's third power
  2606 | D:3      | Found an ancient bone altar of Kikubaaqudgha.
  2732 | D:4      | Reached skill level 4 in Long Blades
  2773 | D:4      | Noticed Grinder
  2774 | D:4      | Banished Grinder
  2774 | D:4      | Reached XP level 5. HP: 41/41 MP: 8/8
  2777 | D:4      | Got a pair of heavily runed gloves
  2783 | D:4      | Identified the cursed +0 pair of gloves of Lotureo {rC+} (You found it on level 4 of the Dungeon)
  2870 | D:4      | Reached skill level 5 in Invocations
  2878 | D:4      | Reached XP level 6. HP: 41/47 MP: 9/9
  2987 | D:4      | Found an opulent altar of Gozag.
  3004 | D:4      | Reached skill level 5 in Long Blades
  3067 | D:4      | Noticed Dowan
  3068 | D:4      | Noticed Duvessa
  3090 | D:4      | Killed Duvessa
  3131 | D:4      | Killed Dowan
  3465 | D:4      | Found a white marble altar of Elyvilon.
  3836 | D:5      | Entered Level 5 of the Dungeon
  3847 | D:5      | Reached skill level 6 in Invocations
  3847 | D:5      | Reached XP level 7. HP: 45/52 MP: 11/11
  3871 | D:5      | Found a staircase to the Ecumenical Temple.
  3876 | Temple   | Entered the Ecumenical Temple
  4041 | D:5      | Noticed Edmund
  4044 | D:5      | Gained mutation: You are frail (-10% HP). [potion of mutation]
  4044 | D:5      | Lost mutation: You are frail (-10% HP). [potion of mutation]
  4044 | D:5      | Gained mutation: You have supernaturally acute eyesight. [potion of mutation]
  4070 | D:5      | Banished Edmund
  4406 | D:5      | Acquired Lugonu's fourth power
  4711 | D:5      | Found a basalt altar of Yredelemnul.
  4923 | D:6      | Reached skill level 7 in Long Blades
  5133 | D:6      | Gained mutation: You are immune to freezing clouds. [demonic ancestry]
  5133 | D:6      | Reached XP level 8. HP: 36/58 MP: 13/13
  5261 | D:6      | Found a deep blue altar of Sif Muna.
  5343 | D:6      | Found a stormy altar of Qazlal.
  5562 | D:6      | Found a sparkling altar of Nemelex Xobeh.
  6249 | D:6      | Reached skill level 8 in Long Blades
  7084 | D:7      | Reached skill level 9 in Long Blades
  7241 | D:7      | Gained mutation: You are partially covered in iridescent scales (AC +4). [demonic ancestry]
  7241 | D:7      | Reached XP level 9. HP: 19/63 MP: 15/15
  7517 | D:7      | Found a shattered altar of Ashenzari.
  7581 | D:7      | Noticed a kobold demonologist
  7584 | D:7      | Noticed a kobold demonologist
  7591 | D:7      | Noticed an ice devil
  7612 | D:7      | Killed a kobold demonologist
  8472 | D:7      | Reached skill level 10 in Long Blades
  8472 | D:7      | Reached skill level 10 in Invocations
  9022 | D:8      | Found a staircase to the Lair.
  9174 | D:8      | Noticed Grum
  9366 | D:8      | HP: 2/65 [Grum/spear (3)]
  9368 | D:8      | Slain by Grum

Vault maps used:
D:1:      dpeg_arrival_more_subterranean_lakeside_camping, minmay_door_square
D:2:      nicolae_dithmenos_through_a_glass_darkly, first_bread,
          kennysheep_generic_room_13
D:3:      lemuel_zombie_altar_kikubaaqudgha, elyvilon_altar_5
D:4:      overflow_temple_1_default, grunt_gozag_statues, minivault_26,
          uniq_grinder, uniq_duvessa
D:5:      nicolae_overflow_crystal_walls, temple_doors_e, uniq_edmund
D:6:      kennysheep_steamy, kennysheep_mini, led_sif_book, nemelex_deck
D:7:      nicolae_ashenzari_panopticon
D:8:      lair_0_dummy, serial_glass, glass_columns_b, glass_columns_a,
          item_on_display_b, item_on_display_a, due_unseen_surprise,
          minmay_strange_pillars, uniq_grum
Temple:   temple_of_Zot_ovaries

Action                   |  1- 3 |  4- 6 |  7- 9 || total
-------------------------+-------+-------+-------++-------
Melee: Falchion          |   166 |   182 |   573 ||   921
Invok: Banish            |       |     1 |     6 ||     7
Evoke: Wand              |       |       |     4 ||     4
  Use: Potion            |     2 |     1 |     9 ||    12
       Scroll            |       |     5 |     2 ||     7
 Stab: Sleeping          |       |     1 |     4 ||     5
  Eat: Chunk             |     4 |     6 |    10 ||    20
       Beef jerky        |       |       |     3 ||     3
       Meat ration       |       |       |     1 ||     1
